 Dungeon Crawl Stone Soup version 0.19.1-1-g22dce08 (webtiles) character file.

265 YsNightScale the Skirmisher (level 6, -2/55 HPs)
             Began as a Hill Orc Abyssal Knight on Jan 6, 2017.
             Was a Believer of Lugonu.
             Killed from afar by an orc wizard (6 damage)
             ... with a puff of frost
             ... on level 4 of the Dungeon.
             The game lasted 00:41:34 (4221 turns).

YsNightScale the Skirmisher (HOAK)                  Turns: 4221, Time: 00:41:34

Health: -2/55      AC:  7    Str: 21    XL:     6   Next: 20%
Magic:  8/8        EV: 11    Int: 12    God:    Lugonu [**....]
Gold:   120        SH:  0    Dex: 11    Spells: 0 memorised, 5 levels left

rFire  . . .     SeeInvis .     a - +1 falchion
rCold  . . .     Gourm    .     d - +0 ring mail
rNeg   . . .     Faith    .     (no shield)
rPois  .         Spirit   .     (no helmet)
rElec  .         Reflect  .     e - +0 cloak
rCorr  .         Harm     .     (no gloves)
MR     .....                    (no boots)
Stlth  +.........               (no amulet)
                                (no ring)
                                k - ring of flight

@: mighty, very slightly contaminated
A: no striking features
a: Depart the Abyss, Bend Space, Renounce Religion, Evoke Flight


You were on level 4 of the Dungeon.
You worshipped Lugonu.
Lugonu was pleased with you.
You were not hungry.

You visited 1 branch of the dungeon, and saw 4 of its levels.
You visited the Abyss 1 time.

You collected 120 gold pieces.

Inventory:

Hand Weapons
 a - a +1 falchion (weapon)
Armour
 b - a +0 leather armour
 d - a +0 ring mail (worn)
 e - a +0 cloak (worn)
Jewellery
 k - a ring of flight (left hand)
Scrolls
 f - 2 scrolls of teleportation
 l - a scroll of recharging
 p - 2 scrolls of amnesia
Comestibles
 c - a bread ration
 i - a meat ration
 o - a beef jerky


   Skills:
 + Level 4.8 Fighting
 + Level 3.5 Long Blades
 + Level 4.0 Armour
 + Level 2.1 Dodging
 + Level 3.8 Invocations


You had 5 spell levels left.
You didn't know any spells.

Dungeon Overview and Level Annotations

Branches:
Dungeon (4/15)
 Temple: D:4-7

Altars:
Dithmenos
Okawaru
Ru

Annotations:
D:3 YsNightScale's ghost, amateur DrFi


Message History

The phantom blinks!
The hound skeleton bites you but does no damage.
Found a stone staircase leading down.
As you read the scroll of teleportation, it crumbles to dust.
You feel strangely unstable.
Your resistance to elements expires.
The hound skeleton bites you.
* * * LOW HITPOINT WARNING * * *
The ball python closely misses you. The ball python grabs you.
The ball python constricts you.
The ball python's grasp on you weakens, but your attempt to escape fails.
The hound skeleton bites you but does no damage.
The ball python bites you but does no damage.
The ball python constricts you. The hound skeleton barely misses you.
You escape the ball python's grasp.
Your surroundings suddenly seem different.
An orc wizard comes into view. It is wielding a dagger.
The orc wizard casts a spell at you. The puff of frost hits you!
You die...

#...# #.... #...####
#.### #......# #.#
#......# #.# #..o...#
#.#
#####......########.#
#..........'..o..$..#
#.###......##########
#.###.@..o....#
#.............#
#....o........#
##............#######
#.........#........#
#.........#.######.#
############# #.# #.#
#.#


You could see an orc wizard and 2 orcs.

Vanquished Creatures
  An orc warrior (D:4)
  10 adders
  An ufetubus (Abyss:1)
  An adder skeleton (D:4)
  2 worms (D:3)
  A dart slug (D:3)
  A leopard gecko (D:2)
  3 orcs
  3 giant cockroaches
  9 hobgoblins
  6 jackals
  2 ball pythons
  7 bats
  4 frilled lizards
  6 goblins
  8 kobolds
  5 rats
  2 plants (D:1)
72 creatures vanquished.

Vanquished Creatures (others)
  A plant (D:1)
1 creature vanquished.

Grand Total: 73 creatures vanquished

Notes
Turn   | Place    | Note
-------+----------+-------------------------------------------
     0 | Abyss:1  | YsNightScale the Hill Orc Abyssal Knight began the quest for the Orb.
     0 | Abyss:1  | Reached XP level 1. HP: 19/19 MP: 2/2
    79 | Abyss:1  | Noticed a large abomination
    82 | D:1      | Escaped the Abyss
   184 | D:1      | Reached XP level 2. HP: 27/27 MP: 3/3
   677 | D:1      | Reached * piety under Lugonu
   799 | D:1      | Reached skill level 1 in Dodging
  1016 | D:1      | Reached XP level 3. HP: 31/33 MP: 4/4
  1826 | D:2      | Reached XP level 4. HP: 35/40 MP: 6/6
  2407 | D:2      | Found an iron altar of Okawaru.
  2827 | D:3      | Noticed YsNightScale's ghost (amateur DrFi)
  3051 | D:3      | Reached XP level 5. HP: 30/47 MP: 7/7
  3223 | D:3      | Reached ** piety under Lugonu
  3452 | D:3      | Found a shadowy altar of Dithmenos.
  4128 | D:4      | Noticed an orc warrior
  4137 | D:4      | HP: 1/47 [orc warrior/short sword (2)]
  4139 | D:4      | Killed an orc warrior
  4139 | D:4      | Reached XP level 6. HP: 2/55 MP: 8/8
  4192 | D:4      | Found a sacrificial altar of Ru.
  4202 | D:4      | Noticed a phantom
  4203 | D:4      | HP: 2/55 [phantom (8)]
  4221 | D:4      | Killed from afar by an orc wizard

Skill      XL: |  1  2  3  4  5 |
---------------+----------------+-----
Fighting       | 4 |  4.8
Dodging        | 1 2 |  2.1
Armour         | 3 4 |  4.0
Invocations    | 3 |  3.8
Long Blades    | 3 |  3.5

Action                   |  1- 3 |  4- 6 || total
-------------------------+-------+-------++-------
Melee: Falchion          |   194 |   149 ||   343
Invok: Depart the Abyss  |     1 |       ||     1
  Use: Scroll            |     3 |     6 ||     9
       Potion            |       |     3 ||     3
  Eat: Chunk             |     1 |     1 ||     2
       Bread ration      |     1 |       ||     1
       Meat ration       |       |     1 ||     1
Armor: Ring mail         |    58 |    66 ||   124
Dodge: Dodged            |    79 |   127 ||   206
       Rpst.: Falchion   |    18 |    48 ||    66
